 Dungeon Crawl Stone Soup version 0.30-a0-878-gc727b3d3d6 (webtiles) character file.

Game seed: 12380902912261626826

84 AironDCSS the Slasher (level 4, -10/34 HPs)
             Began as a Demonspawn Gladiator on Mar 12, 2023.
             Mangled by Robin
             ... wielding a +1 dagger of electrocution
              (13 damage)
             ... on level 2 of the Dungeon.
             The game lasted 00:11:58 (3430 turns).

AironDCSS the Slasher (Demonspawn Gladiator)        Turns: 3430, Time: 00:11:58

Health: -10/34     AC: 12    Str: 17    XL:     4   Next: 24%
Magic:  4/4        EV: 12    Int:  9    God:
Gold:   86         SH:  0    Dex: 14    Spells: 3/3 levels left

rFire   + . .      SeeInvis .    a - +0 long sword
rCold   . . .      Faith    .    (no shield)
rNeg    . . .      Spirit   .    b - +0 leather armour
rPois   .          Reflect  .    (helmet restricted)
rElec   .          Rampage  .    (no cloak)
rCorr   .                        (no gloves)
Will    +....                    (no boots)
Stlth   +                        (no amulet)
HPRegen 0.25/turn                i - ring of protection from fire
MPRegen 0.09/turn                f - ring of willpower

@: sanguine armoured
A: antennae 1, sanguine armour 2
a: no special abilities


You were on level 2 of the Dungeon.
You visited 1 branch of the dungeon, and saw 2 of its levels.

You collected 86 gold pieces.

Inventory:

Hand Weapons
 a - a +0 long sword (weapon)
 c - a +1 dagger of pain
Missiles
 d - 3 throwing nets
 e - a javelin (quivered)
Armour
 b - a +0 leather armour (worn)
Jewellery
 f - a ring of willpower (right hand)
 i - a ring of protection from fire (left hand)
Scrolls
 h - a scroll of identify
 n - a scroll of noise
Potions
 g - a potion of flight
 m - a potion of lignification


   Skills:
 + Level 2.3 Fighting
 + Level 3.8 Long Blades
 + Level 1.7 Throwing
 + Level 1.3 Armour
 + Level 3.0 Dodging
 + Level 0.4 Stealth


You had 3 spell levels left.
You didn't know any spells.
Your spell library was empty.

Dungeon Overview and Level Annotations

Branches:
Dungeon (2/15)

Altars:

Annotations:
D:2 Robin


Innate Abilities, Weirdness & Mutations

You have a pair of small antennae on your head.
When seriously injured, your blood forms thick armour. (AC +9)


Message History

You are no longer poisoned.
The goblin attacks as you move away! The goblin hits you but does no damage.
You slash the goblin!
You kill the goblin!
Things that are here:
a +0 dagger; a goblin corpse Robin of the Strong Arm comes into view.
They are wielding a +1 dagger of electrocution.
Robin shouts!
You hear a shout! x2
Things that are here:
a +0 dagger; a goblin corpse A hobgoblin comes into view.
Robin hits you with a +1 dagger of electrocution.
You closely miss Robin. Robin barely misses you. Robin closely misses you.
The hobgoblin hits you.
You hit Robin.
Robin is lightly wounded.
The hobgoblin hits you but does no damage.
Robin hits you but does no damage.
You are electrocuted!
* * * LOW HITPOINT WARNING * * *
You barely miss Robin.
Robin is lightly wounded.
Robin closely misses you. The hobgoblin barely misses you.
The hobgoblin attacks as you move away!
The hobgoblin hits you but does no damage.
Robin attacks as you move away!
Robin hits you with a +1 dagger of electrocution.
* * * LOW HITPOINT WARNING * * *
Robin roars a battlecry!
The hobgoblin goes into a battle-frenzy!
Things that are here:
a +0 dagger; a goblin corpse Robin says, "My army is invincible!"
Robin attacks as you move away! Robin barely misses you.
Robin hits you with a +1 dagger of electrocution.
* * * LOW HITPOINT WARNING * * *
Robin attacks as you move away!
Robin hits you with a +1 dagger of electrocution.
* * * LOW HITPOINT WARNING * * *
You are electrocuted!
You die...

#.......#####,#.....###....
#.......g.).#,#.....##..(..
#.##'######.#,##.##.##.....
#.##.# #.#.##.##.##.....
#.##.# #.#.##.##'##.....
#.##.# #.#.##.....##...†
#.##'## #g#.##.....##.##†
#.....#####g#.##.....##.##.
#.........@.#.##.##........
#.....#######.##.######.#..
#.....'..........# #.#..
##....#######.#..# #.#..
###### #.#..# #.#.. #.#..#
#.#.. #.#..# #.#** #.#..#
#.# #.#,,* #.###


You could see Robin and a hobgoblin (strong).

Vanquished Creatures
  An adder (D:2)
  2 dart slugs
  8 ball pythons
  3 endoplasms
  A giant cockroach (D:2)
  14 goblins
  7 hobgoblins
  8 kobolds
  3 quokkas
  3 bats
  9 frilled lizards
  7 rats
66 creatures vanquished.

Notes
Turn   | Place    | Note
-------+----------+-------------------------------------------
     0 | D:1      | AironDCSS the Demonspawn Gladiator began the quest for the
                  | Orb.
     0 | D:1      | Reached XP level 1. HP: 16/16 MP: 1/1
   105 | D:1      | Gained mutation: When seriously injured, your blood forms
                  | armour. (AC +9) [demonic ancestry]
   105 | D:1      | Reached XP level 2. HP: 20/22 MP: 2/2
   927 | D:1      | Gained mutation: You have a pair of small antennae on your
                  | head. [demonic ancestry]
   927 | D:1      | Reached XP level 3. HP: 22/27 MP: 3/3
  1826 | D:2      | Reached skill level 1 in Armour
  3366 | D:2      | Gained mutation: When seriously injured, your blood forms
                  | thick armour. (AC +9) [demonic ancestry]
  3366 | D:2      | Reached XP level 4. HP: 24/34 MP: 4/4
  3403 | D:2      | Noticed Robin
  3430 | D:2      | Mangled by Robin

Illustrated notes

Levels and vault maps discovered:
D:1:      nicolae_arrival_washed_ashore, layout_basic, minmay_lizard_pond
D:2:      layout_basic, minmay_close_crescents, uniq_robin

Skill      XL: |  1  2  3  4 |
---------------+-------------+-----
Long Blades    | 3 |  3.8
Armour         | 1 |  1.3
Dodging        | 3 |  3.0
Fighting       | |  2.3
Throwing       | |  1.7
Stealth        | |  0.4

Action                     |  1- 3 |  4- 6 || total
---------------------------+-------+-------++-------
  Melee: Long sword        |   144 |    17 ||   161
         Punch             |     2 |       ||     2
    Use: Scroll            |     5 |       ||     5
         Potion            |     3 |       ||     3
   Stab: Sleeping          |     1 |       ||     1
 Armour: Leather armour    |    57 |     8 ||    65
  Dodge: Dodged            |   130 |    15 ||   145

Table legend: (Time is in decaauts)
 A = Elapsed time spent in this place.
 B = Non-inter-level travel time spent in this place.
 C = Inter-level travel time spent in this place.
 D = Time resting spent in this place.
 E = Time spent auto-exploring this place.
 F = Levels seen in this place.
 G = Mean time per level.
                   A        B        C        D        E       F      G
               +--------+--------+--------+--------+--------+-----+--------+
         Total |   3478 |   3462 |     16 |   1107 |      0 |   2 | 1739.0 |
       Dungeon |   3478 |   3462 |     16 |   1107 |      0 |   2 | 1739.0 |
               +--------+--------+--------+--------+--------+-----+--------+

Top non-repeatable levels by time:
     D:2: 1967 daAuts
     D:1: 1511 daAuts
